Map: Ley Lines

Players

TheStallion - Winner!

  • Race: Terran Terran
  • League: Silver
  • Spawn Location: 7:00

iPlayDefense

  • Race: Terran Terran
  • League: Silver
  • Spawn Location: 1:00

VOD

Have the link to the VOD?

Description

Time

  • Played on: April 17, 2025, 3:27 p.m.
  • Length: 15:36
Show
View Real Time Build Order
Export as new Build Order

TheStallion Terran - Winner!

Build Orders:  

Get SALT Encoding   

  12  0:00  SCV  
  13  0:14  Supply Depot  
  13  0:18  SCV  
  14  0:30  SCV  
  15  0:40  Barracks  
  15  0:42  SCV  
  16  0:57  SCV  
  16  1:03  Refinery  
  17  1:15  SCV  
  18  1:29  Supply Depot, Marine  
  19  1:46  Marine  
  20  1:56  Command Center  
  20  2:12  Marine, Factory  
  21  2:20  SCV  
  22  2:29  Marine  
  22  2:32  SCV  
  24  2:47  Marine  
  25  2:56  Factory Tech Lab  
  25  2:59  Starport  
  25  3:05  Marine  
  26  3:10  Barracks  
  26  3:23  Marine  
  27  3:27  Orbital Command  
  27  3:36  Refinery  
  27  3:47  Barracks Reactor  
  27  3:49  Supply Depot  
  27  3:51  Medivac  
  27  3:52  Orbital Command  
  29  3:56  SCV  
  29  4:00  Barracks Tech Lab  
  29  4:01  Supply Depot  
  30  4:08  SCV  
  31  4:20  SCV  
  31  4:21  Starport Reactor  
  32  4:31  Marine x2  
  34  4:36  SCV x2  
  36  4:39  Refinery  
  36  4:42  Refinery  
  36  4:48  SCV, Marine  
  36  4:49  SCV, Marine  
  40  5:00  SCV  
  40  5:01  SCV  
  40  5:06  Marine x2, Viking  
  46  5:13  SCV x2  
  48  5:20  Marine, Engineering Bay  
  49  5:24  Marine x2  
  49  5:25  SCV x2  
  53  5:37  SCV x2, Marine  
  53  5:41  Combat Shield  
  53  5:42  Marine x2  
  58  5:49  SCV x2  
  60  5:55  Marine  
  61  6:00  Marine  
  62  6:09  Supply Depot  
  62  6:10  Supply Depot  
  62  6:30  Siege Tank, Marine x3  
  68  6:33  Supply Depot  
  68  6:40  Starport  
  68  6:48  Marine x3  
  71  7:03  Siege Tank  
  71  7:05  Missile Turret  
  71  7:06  Marine x2  
  76  7:18  Starport Reactor  
  76  7:20  Starport  
  76  7:23  Barracks Reactor  
  76  7:24  Marine x2  
  76  7:25  SCV x2  
  76  7:26  Missile Turret  
  80  7:32  Terran Infantry Weapons Level 1  
  80  7:35  Siege Tank  
  83  7:37  SCV x2  
  83  7:41  Marine  
  86  8:01  Supply Depot  
  86  8:05  Supply Depot  
  86  8:15  Supply Depot  
  86  8:23  Siege Tank, Marine x2  
  86  8:24  Supply Depot  
  89  8:27  Supply Depot  
  89  8:37  Supply Depot  
  89  8:39  Marine x2  
  89  8:40  Marine x2  
  91  8:51  Barracks  
  91  8:55  Siege Tank  
  94  8:56  Barracks  
  94  8:57  Marine x2, Viking x3  
  94  8:58  Marine x2, Command Center, Viking x2  
  108  9:08  SCV x2  
  110  9:14  Marine  
  110  9:15  Marine  
  110  9:16  Marine x2  
  114  9:20  SCV  
  115  9:27  Siege Tank, Viking x3  
  124  9:32  Marine x2  
  124  9:34  Marine x2  
  116  9:41  Armory  
  96  9:50  Marine x4  
  96  9:52  Marine x2  
  102  9:59  Siege Tank  
  104  10:08  SCV x2, Marine x4  
  104  10:09  Marine x2  
  104  10:11  Orbital Command  
  112  10:20  SCV x2  
  104  10:26  Marine x3  
  104  10:27  Marine x3  
  101  10:31  Siege Tank  
  101  10:32  SCV x2, Medivac  
  108  10:44  SCV, Marine x4  
  108  10:45  SCV, Marine x2  
  116  10:54  SCV  
  116  10:57  SCV x2  
  119  11:00  Supply Depot  
  119  11:01  Marine x3  
  119  11:02  Terran Vehicle And Ship Armor Level 1, Marine  
  119  11:03  Siege Tank, Marine x2  
  128  11:06  SCV  
  128  11:07  Refinery  
  128  11:09  SCV x2  
  131  11:12  Refinery  
  131  11:18  SCV  
  131  11:19  Marine x3  
  131  11:20  Marine  
  131  11:21  SCV x2, Marine x2  
  131  11:22  Supply Depot  
  140  11:28  Medivac x4  
  140  11:29  Viking  
  140  11:31  SCV  
  151  11:33  SCV x2  
  151  11:35  Siege Tank  
  151  11:37  Marine  
  157  11:41  Marine x2  
  157  11:42  Marine x3  
  127  11:55  Marine  
  127  11:58  Viking  
  127  11:59  Marine x3  
  127  12:00  Marine x2  
  129  12:08  Siege Tank  
  122  12:13  Marine  
  123  12:16  Marine  
  123  12:17  Marine x2  
  123  12:18  Marine x2  
  128  12:30  Marine, Command Center  
  128  12:34  Marine  
  128  12:35  Marine x4  
  134  12:40  Siege Tank  
  134  12:43  Supply Depot  
  137  12:45  Supply Depot  
  137  12:48  Marine  
  138  12:52  Marine x2  
  138  12:53  Marine x3  
  138  12:56  Terran Vehicle Weapons Level 1  
  143  13:06  Supply Depot, Marine  
  143  13:10  Marine x2, Medivac x2  
  143  13:11  Marine x3, Viking, Medivac x2  
  143  13:12  Siege Tank, Command Center  
  162  13:24  Marine  
  163  13:28  Marine x3  
  163  13:29  Marine x2  
  168  13:42  Marine  
  168  13:44  Siege Tank  
  168  13:45  Marine  
  168  13:46  SCV x4, Marine x2  
  168  13:47  Marine x2  
  181  13:52  Refinery  
  181  13:59  Orbital Command, Marine  
  182  14:03  Marine  
  182  14:08  Medivac  
  182  14:09  Marine x3  
  188  14:10  Marine  
  188  14:11  Command Center  
  188  14:16  Siege Tank  
  192  14:17  Marine  
  192  14:21  Marine  
  192  14:23  Refinery  
  194  14:24  Refinery  
  194  14:26  Orbital Command  
  194  14:27  Marine x4  
  198  14:35  Marine  
  199  14:39  Marine  
  200  14:49  Engineering Bay  
  186  14:53  Marine  
  186  14:55  Marine x4  
  186  14:57  Marine  
  173  15:11  Marine  
  173  15:12  Marine  
  173  15:13  Marine x3  
  178  15:15  Marine  
  178  15:16  Armory  
Show
View Real Time Build Order
Export as new Build Order

iPlayDefense Terran 

Build Orders:  

Get SALT Encoding   

  12  0:04  SCV  
  13  0:15  Supply Depot  
  13  0:18  SCV  
  14  0:26  Refinery  
  14  0:31  SCV  
  15  0:43  SCV  
  16  0:55  SCV  
  17  1:02  Barracks  
  17  1:07  SCV  
  18  1:11  Supply Depot  
  18  1:19  SCV  
  19  1:50  Orbital Command  
  19  1:51  Barracks Reactor  
  19  2:04  Engineering Bay, Factory  
  19  2:14  Refinery  
  19  2:19  SCV  
  20  2:28  Marine  
  20  2:29  Marine  
  22  2:31  SCV  
  22  2:35  Terran Infantry Weapons Level 1  
  23  2:43  SCV  
  24  2:46  Marine x2  
  24  2:50  Factory Tech Lab  
  26  2:55  SCV  
  27  3:00  Barracks  
  27  3:04  Barracks  
  27  3:12  Marine x2  
  29  3:28  Supply Depot  
  29  3:30  Marine x2  
  31  3:50  Siege Tank  
  34  4:03  Command Center  
  34  4:05  Barracks Tech Lab x2  
  34  4:22  Siege Tank  
  34  4:23  Starport  
  37  4:26  Supply Depot  
  37  4:29  Terran Infantry Armor Level 1  
  37  4:37  SCV  
  38  4:48  Supply Depot  
  38  4:49  SCV  
  38  4:52  Marine  
  39  4:53  Marine x3  
  43  5:01  SCV  
  43  5:02  Stimpack  
  44  5:07  Combat Shield  
  44  5:10  Marine  
  44  5:13  SCV  
  46  5:18  Orbital Command  
  46  5:33  Starport Reactor  
  46  5:40  SCV  
  46  5:41  Marine x2  
  46  5:42  Marine x2  
  51  5:50  Supply Depot  
  51  5:52  SCV  
  52  5:59  Marine x2  
  54  6:04  SCV  
  55  6:12  Supply Depot, Medivac x2  
  55  6:16  SCV  
  60  6:20  Barracks  
  60  6:26  SCV, Marine, Barracks  
  60  6:27  Marine x2  
  60  6:28  SCV  
  65  6:38  SCV  
  66  6:40  SCV  
  67  6:55  Medivac x2  
  67  6:56  Armory  
  67  6:57  Siege Tank  
  74  7:04  Refinery  
  74  7:05  Refinery  
  74  7:15  Supply Depot  
  74  7:16  Barracks Reactor  
  74  7:25  Barracks Reactor  
  74  7:41  Supply Depot, SCV  
  74  7:42  SCV, Marine x2  
  74  7:43  Marine x2  
  80  7:44  Siege Tank  
  80  7:46  Medivac  
  85  7:53  SCV  
  85  7:54  SCV  
  87  8:00  Marine x2  
  87  8:03  Supply Depot  
  89  8:09  Marine x6  
  95  8:16  Siege Tank  
  95  8:18  Marine x2  
  95  8:19  SCV x2  
  102  8:25  Medivac  
  102  8:26  Marine  
  102  8:27  Supply Depot, Marine x5  
  110  8:43  Terran Infantry Weapons Level 2  
  110  8:48  SCV, Marine x4  
  115  8:52  Supply Depot  
  115  8:59  Starport  
  115  9:10  Factory  
  115  9:15  Supply Depot  
  115  9:16  SCV x2  
  117  9:25  Marine x3  
  117  9:26  Marine x5  
  125  9:37  Supply Depot  
  118  9:43  Marine x8  
  121  9:54  Thor  
  121  9:57  Medivac  
  121  9:59  Medivac  
  128  10:01  Marine x8  
  136  10:15  Command Center  
  136  10:18  Marine  
  136  10:19  Marine x3  
  107  10:28  Marine x4  
  86  10:36  Marine, Factory Tech Lab  
  86  10:37  Marine x3, Thor  
  86  10:42  Medivac x2  
  100  10:46  Marine x4  
  100  10:47  Starport Reactor  
  104  10:54  Marine x2  
  106  10:59  Terran Infantry Armor Level 2  
  106  11:00  Supply Depot  
  106  11:14  SCV  
  106  11:15  SCV  
  108  11:22  Supply Depot, Thor  
  114  11:27  SCV x2  
  114  11:31  Orbital Command  
  116  11:39  SCV x2  
  118  11:45  Supply Depot  
  82  12:12  Marine x2  
  82  12:13  Marine x6  
  90  12:19  Siege Tank  
  90  12:20  Siege Tank  
  96  12:26  Medivac x2  
  100  12:30  Marine x7  
  100  12:31  Marine  
  100  12:34  SCV x3  
  111  12:46  SCV x2  
  111  12:48  Marine x8  
  121  12:51  Supply Depot, Siege Tank  
  124  13:00  Terran Vehicle Weapons Level 1  
  124  13:05  Marine  
  124  13:06  Marine x7  
  124  13:07  Thor  
  138  13:13  Supply Depot  
  139  13:20  SCV x3  
  139  13:21  Refinery  
  139  13:22  Refinery  
  139  13:23  Thor  
  139  13:24  Marine x2, Medivac  
  151  13:32  SCV x3  
  151  13:33  Medivac  
  156  14:04  Thor  
  156  14:06  Thor  
  168  14:20  Liberator  
  168  14:23  Viking  
  173  14:29  Viking  
  175  14:36  Supply Depot  
  175  14:47  Siege Tank  
  89  15:03  Marine  
  89  15:04  Marine x7  
Tags
 
Matchup
TvT
Race
Terran
Replay Pack
DaveSC2
Spawn Locations
Cross Positions
Add a new tag
Caveats
  • Supply blocks, unpowered buildings, or Contaminate may cause inaccurate times.
  • Supply counts are checked every 10 seconds.